 Dungeon Crawl Stone Soup version 0.25.0-26-g0c896c7088 (webtiles) character file.

Game seed: 470427521363377618

102 MisterFreud the Insei (level 4, -1/35 HPs)
             Began as a Demonspawn Abyssal Knight on July 5, 2020.
             Was a Believer of Lugonu.
             Slain by a gnoll
             ... wielding a +0 club
              (3 damage)
             ... on level 2 of the Dungeon.
             The game lasted 00:02:38 (2133 turns).

MisterFreud the Insei (Demonspawn Abyssal Knight)   Turns: 2133, Time: 00:02:38

Health: -1/35      AC:  4    Str: 12    XL:     4   Next: 50%
Magic:  5/5        EV: 11    Int: 14    God:    Lugonu [**....]
Gold:   118        SH:  0    Dex: 13    Spells: 3/3 levels left

rFire    . . .     SeeInvis .     - Unarmed
rCold    . . .     Gourm    .   (no shield)
rNeg     . . .     Faith    .   a - +0 leather armour
rPois    .         Spirit   .   (no helmet)
rElec    .         Reflect  .   (no cloak)
rCorr    .         Harm     .   q - +0 pair of gloves
MR       .....                  (no boots)
Stlth    +.........             (no amulet)
HPRegen  0.11/turn              (no ring)
MPRegen  0.09/turn              (no ring)

@: stab
A: hooves 1, icy blue scales 1, deformed body, mutation resistance 1, sense
surroundings 1
a: Depart the Abyss, Bend Space, Renounce Religion


You were on level 2 of the Dungeon.
You worshipped Lugonu.
Lugonu was pleased with you.
You were not hungry.

You visited 1 branch of the dungeon, and saw 2 of its levels.
You visited the Abyss 1 time.

You collected 118 gold pieces.

Inventory:

Armour
 a - a +0 leather armour (worn)
 q - a +0 pair of gloves (worn)
Jewellery
 o - a +4 ring of evasion {unknown}
Scrolls
 c - a scroll of enchant armour {unknown}
 d - a scroll of random uselessness {unknown}
 e - 2 scrolls of teleportation {unknown}
 f - 3 scrolls of blinking {unknown}
 h - 4 scrolls of identify {unknown}
 k - a scroll of fog {unknown}
 m - a scroll of remove curse {unknown}
Potions
 g - a potion of stabbing
 i - a potion of mutation
 j - a potion of might {unknown}
 l - a potion of brilliance {unknown}
 n - a potion of curing {unknown}
Comestibles
 b - 5 rations
 p - 8 chunks of flesh


   Skills:
 - Level 3.0 Fighting
 - Level 1.7 Armour
 - Level 0.8 Dodging
 + Level 4.4 Unarmed Combat
 - Level 2.4 Invocations


You had 3 spell levels left.
You didn't know any spells.
Your spell library was empty.

Dungeon Overview and Level Annotations

Branches:
Dungeon (2/15)

Altars:


Innate Abilities, Weirdness & Mutations

You have large cloven feet.
You are partially covered in icy blue scales. (AC +2)
Armour fits poorly on your strangely shaped body.
You are somewhat resistant to further mutation.
You passively map a small area around you.


Message History

You closely miss the gnoll. You closely miss the gnoll.
Your kick misses the gnoll. The gnoll hits you with a +0 club.
* * * LOW HITPOINT WARNING * * *
Okay, then.
It was a potion of stabbing.
You feel ready to backstab. The gnoll closely misses you.
It was a potion of mutation.
You feel extremely strange.
You feel a strange attunement to the structure of the dungeons.
Your body twists and deforms.
You feel genetically stable. The gnoll hits you but does no damage.
You hit the gnoll. You kick the gnoll, but do no damage.
The gnoll is lightly wounded.
The gnoll hits you with a +0 club.
* * * LOW HITPOINT WARNING * * *
You hit the gnoll. You kick the gnoll, but do no damage.
The gnoll is heavily wounded.
The gnoll hits you with a +0 club.
You die...

#.......#.#.............##.# #.
..###..........#...####.##.# #.
........................##.# #.
#####.......#..#......####.# #.
).....................####.# #.
##......##......g..........# #.
##.......+...#.#g#...####### #.
.......###..g#g#g#...# #.
...............#@#...# #.
........##.....#.#...###########.
.รทรท.....#####..#.#...#...........
........#####..#.#...#.##########
........#........#...#'######
......#.#........#............
......#.+........#............
......###........#............
.####'###........#............


You could see 2 gnolls and a goblin.

Vanquished Creatures
  2 gnolls (D:2)
  3 adders (D:2)
  An ooze (D:1)
  2 dart slugs
  3 leopard geckos
  2 bats (D:1)
  3 giant cockroaches (D:1)
  8 goblins
  5 hobgoblins
  4 jackals (D:1)
  3 frilled lizards
  2 kobolds (D:1)
  7 rats
45 creatures vanquished.

Notes
Turn   | Place    | Note
-------+----------+-------------------------------------------
     0 | Abyss:1  | MisterFreud the Demonspawn Abyssal Knight began the quest
                  | for the Orb.
     0 | Abyss:1  | Reached XP level 1. HP: 18/18 MP: 2/2
    12 | Abyss:1  | Found a corrupted altar of Lugonu.
    18 | D:1      | Escaped the Abyss
   231 | D:1      | Reached skill level 2 in Unarmed Combat
   524 | D:1      | Gained mutation: You have large cloven feet. [demonic
                  | ancestry]
   524 | D:1      | Reached XP level 2. HP: 24/24 MP: 3/3
   593 | D:1      | Reached skill level 3 in Unarmed Combat
   859 | D:1      | Reached XP level 3. HP: 25/29 MP: 4/4
  1085 | D:1      | Reached ** piety under Lugonu
  1690 | D:2      | Reached skill level 4 in Unarmed Combat
  1690 | D:2      | Gained mutation: You are partially covered in icy blue
                  | scales. (AC +2) [demonic ancestry]
  1690 | D:2      | Reached XP level 4. HP: 16/35 MP: 5/5
  2130 | D:2      | Gained mutation: You passively map a small area around you.
                  | [potion of mutation]
  2130 | D:2      | Gained mutation: Armour fits poorly on your strangely
                  | shaped body. [potion of mutation]
  2130 | D:2      | Gained mutation: You are somewhat resistant to further
                  | mutation. [potion of mutation]
  2133 | D:2      | Slain by a gnoll

Illustrated notes

Levels and vault maps discovered:
D:1:      dpeg_arrival_connections, layout_basic, nrook_loot_triangle
D:2:      layout_basic, nemelex_lonely_heart_becter, uniq_terence

Skill      XL: |  1  2  3 |
---------------+----------+-----
Unarmed Combat | 2 3 4 |  4.4
Fighting       | |  3.0
Armour         | |  1.7
Dodging        | |  0.8
Invocations    | |  2.4

Action                   |  1- 3 |  4- 6 || total
-------------------------+-------+-------++-------
Melee: Unarmed           |   157 |    36 ||   193
       Punch             |     3 |       ||     3
       Kick              |    23 |     8 ||    31
  Use: Potion            |       |     2 ||     2
 Stab: Sleeping          |     1 |       ||     1
  Eat: Chunk             |     2 |     2 ||     4
Armor: Leather armour    |    49 |    11 ||    60
Dodge: Dodged            |    88 |    18 ||   106
